Cicero, chaotic male vampiric Wizard ----------- |.........+################## |...<.....|# #--- -------- ---- -.------ -----.-----# #)#|.| .-....| |..| |..|...| ####### # |.| |....+ |..+ |..|...| #)# |.--+-------....----|-----.--...| # |...............................| ### |)-------+--.......-|--------...| ----- # |.|..| |......{|....|...|...| |..... #########-.-..| |....[..|.I..|...|...| | # |.----------....)..|@(_.|...[...| |.............{....|....|...|...| |.----|--+-------.----------|...| |.| ...| |(((.-.| |((((|...| |.|....| |((%.|.| |((((|...| -.|....| |(((.|.| |....|...| |.---------------.-+-----|---...| |...............................| --------------------------------- Cicero the Thaumaturge Experience level: 7 Strength: 10 Dexterity: 13 Constitution: 14 Intelligence: 18 Wisdom: 10 Charisma: 11 Health: 0(48) Energy: 60(89) AC: 9 Gold: 446 Moves: 1307 Your Inventory: Coins $ - 446 gold pieces Weapons a - a blessed +1 quarterstaff (weapon in hands) y - 7 cursed -1 darts of detonation Armor b - an uncursed +0 cloak of magic resistance (being worn) Comestibles p - an uncursed tripe ration s - an uncursed food ration Scrolls j - a cursed scroll of scare monster k - an uncursed scroll of taming o - 2 uncursed scrolls of create monster u - an uncursed scroll of confuse monster F - an uncursed scroll labeled READ ME [of fire] Potions f - an uncursed potion of paralysis g - a cursed potion of restore ability q - an uncursed potion of see invisible Rings d - a cursed +5 ring of increase damage (on left hand) e - an uncursed ring of shock resistance (on right hand) E - a cursed ring of hunger Wands c - an uncursed wand of magic missile (0:6) v - an uncursed wand of magic missile (0:7) A - a blessed wand of digging (0:6) Tools n - an uncursed partly used wax candle (0:263) t - a blessed crystal ball (0:0) C - an uncursed stethoscope Gems x - an uncursed yellow gem [worthless glass] z - 2 uncursed yellowish brown gems [worthless glass] D - an uncursed green gem [worthless glass] Spells known in the end: Name Level Category Fail Memory a - force bolt 1 attack 0% [||||||||] b - remove curse 3 clerical 77% [||||||||] c - sleep 1 enchantment 0% [||||||||] Your skills at the end: Fighting Skills Weapon Skills quarterstaff [Basic / Expert] Spellcasting Skills attack spells [Basic / Expert] enchantment spells [Basic / Skilled] Final Attributes: You were devoutly aligned. Hunger level was 545. Your alignment was 16 / 16. Monster difficulty range was 1 - 7. Level difficulty was 8. You were immune to electricity. You were immune to level-drain. You were magic-protected. You were blinded. You could fly. You could survive without air. You had a +5 damage bonus. You regenerated. Your luck was zero. You are dead. Vanquished creatures: a small mimic a leather golem a housecat 3 gnome lords 2 gnomish wizards a kitten 6 dwarves a homunculus a giant bat a werejackal a hobbit a brown mold 25 gnomes a gecko 3 goblins 2 sewer rats 2 newts 53 creatures vanquished. Voluntary challenges: You used a wielded weapon 38 times. You read items or engraved 4 times. You put on armor 1 time. You never genocided any monsters. You never polymorphed an object. You never changed form. You used no wishes. You never wrote Elbereth's name. You never encountered a bones level. You never used any Sokoban shortcuts. Dungeon overview: The Dungeons of Doom: levels 1 to 4 Level 1 a fountain a long staircase Level 2 a general store Level 3 a fountain Level 4 stairs to The Gnomish Mines The Gnomish Mines: levels 5 to 8 Level 5 stairs to The Dungeons of Doom Level 8 <- You were here some shops, a temple, a magic chest, some fountains History has recorded: On T:1 you entered the Dungeons of Doom to retrieve the Amulet of Yendor! On T:245 you reached level 2 of The Dungeons of Doom. On T:381 you advanced to experience level 2. On T:486 you advanced to experience level 3. On T:547 you reached level 3 of The Dungeons of Doom. On T:576 you advanced to experience level 4. On T:610 you reached level 4 of The Dungeons of Doom. On T:632 you reached level 1 of The Gnomish Mines. On T:647 you reached level 2 of The Gnomish Mines. On T:649 you advanced to experience level 5. On T:734 you advanced to experience level 6. On T:866 you reached level 3 of The Gnomish Mines. On T:981 you advanced to experience level 7. On T:1030 you reached level 4 of The Gnomish Mines. Latest messages: The bolt of lightning bounces! The bolt of lightning hits you! You are unharmed! The bolt of lightning hits it. The sleep ray hits it. Ptah roars in anger: "Thou shalt suffer!" The bolt of lightning hits you! You are unharmed! The bolt of lightning hits you! You are unharmed! The bolt of lightning hits it. The sleep ray hits it. The sleep ray hits you! It kicks! Something casts a spell at you! You feel as if you need some help. You feel a malignant aura surround you. It hits! It kicks! [HP-32=16] It hits! You die... Final status: Goodbye Cicero the Wizard... You died in The Gnomish Mines on dungeon level 8 with 2964 points, and 446 pieces of gold, after 1307 moves. You were level 7 with a maximum of 48 hit points when you died.